Unix NetHack Version 3.7.0-61 Work-in-progress - last build Jul 22 2022 11:16:53 (76b68a5543021f85d9193291e0cc6e7301e83a09,branch:master). Game began 2022-07-27 08:32:22, ended 2022-07-27 11:36:32. Grasshopper, neutral female human Wizard ------ ------- ---------- --- --|...$| -.....----........|..| --..--- |.-....| -...--- ...--......|...{..+..-+ -+-----....... |.|....| ......- --- ....---------.....|.... |..............- --+--.--------- .......--..| ....|------ |.--|------ -----.....{....----.............-- ...G.......| ...-|...$| |.|...| |..-...............-+---.-----..--..........-| --...-....| |.|...-. |..|-.........|..--|..|..| -.....|-....|.....| --...-|....| |.------ -----.---...-|...-|..|..| ...|..---...|.--..| ..|....|------ |.......- ---|-- ----....-------...---......-|.|--- --....-- -----------...| |....| |........|...|...........- |.|..| -.......| |..)......|...| |%!%%| --......---...|.......---- |.|..||...{....| |.........|..-- ------ |..|..........|..---.-- |.-..|-.......-|..--------|--..-- -----..|....|.....|-- |.| |.----........--................| ---.|.aa@|..----...-- |.| |......---+-.....-.--........--+- .....@...|--- --- ---|--- +.----- .----..---|-..--- -.|-.....--- |.....| --- ..| ..|-.| -..|....|.-- |.._..| -|---+--.- |.....---|... |.....| .. .. |<..-- --- ------- --- ---- ---- Grasshopper the Thaumaturge St:11 Dx:15 Co:14 In:18 Wi:11 Ch:8 Neutral S:2544 Dlvl:6 $:146 HP:0(37) Pw:28(42) AC:1 Xp:6/532 T:2936 Latest messages: In what direction? 2 The door closes. What do you want to use or apply? [cpqtuxGLTWZ or ?*] c In what direction? 2 Lock it? [ynq] (q) y You stop locking the door. What do you want to adjust? [a-dg-jl-qtuw-yABE-JLMR-TV-Z or ?*] u Adjust letter to what [efkrsuvzCDKN-QU] (? see used letters)? i Swapping: i - an empty uncursed bag. What do you want to use or apply? [cipqtxGLTWZ or ?*] i You put an uncursed scroll called kw 80 into the bag. You put an uncursed scroll of genocide into the bag. You put an uncursed scroll called xor 200 into the bag. You put a cursed potion called ruby 150/200 into the bag. You put a cursed potion called cloud 200 into the bag. In what direction? 4 The spell misses the fire ant. The fire ant misses! The fire ant bites! You hit the fire ant. The fire ant bites! The fire ant bites! The fire ant bites! The fire ant bites! You're on fire! In what direction? 4 The spell hits the fire ant! You kill the fire ant! The watch captain opens a door. In what direction? 2 The door closes. What do you want to use or apply? [cipqtxGLTWZ or ?*] c In what direction? 2 Lock it? [ynq] (q) y You succeed in locking the door. The fire ant bites! The fire ant misses! In what direction? 9 The spell misses the fire ant. The spell hits it. The fire ant misses! The fire ant bites! You're on fire! Your candle called tallow catches light! Your lamp called magic catches light! The fire ant bites! The fire ant bites! You're on fire! You die... Do you want your possessions identified? [ynq] (y) q Major events: Turn 1: Grasshopper the neutral female human Wizard entered the dungeon 680: attained the rank of Conjurer (level 3) 985: entered the Gnomish Mines 2165: attained the rank of Thaumaturge (level 6) 2239: reached Mine Town 2936: killed by a fire ant Inventory: Weapons (')') a - a blessed +1 quarterstaff (weapon in hands) l - a cursed -1 dagger named +0 n - 27 uncursed +0 darts named +0 o - 9 blessed +1 darts named +1 w - 11 uncursed +0 arrows named +0 y - 9 uncursed +0 daggers named +0 E - an uncursed +0 elven dagger named +0 M - 2 blessed +0 daggers named +0 R - an uncursed +1 dagger named +1 Armor ('[') b - a blessed +0 cloak of magic resistance (being worn) B - an uncursed +1 pair of iron shoes (being worn) H - an uncursed +3 dwarvish iron helm (being worn) Comestibles ('%') m - 2 uncursed food rations A - an uncursed pineapple F - an uncursed cram ration I - an uncursed fortune cookie V - 2 uncursed tripe rations Wands ('/') t - an uncursed wand of striking named 3 (0:5) G - an uncursed wand of digging named 1 (0:3) Rings ('=') d - an uncursed +1 ring of protection S - a cursed -2 ring of gain strength X - an uncursed ring of shock resistance named nc Y - an uncursed ring of teleport control named nc Tools ('(') c - an uncursed lock pick i - an uncursed bag of holding containing 5 items p - an uncursed tin whistle q - an uncursed magic whistle x - an uncursed partly used tallow candle (lit) L - a blessed magic lamp (lit) T - an uncursed bugle W - an uncursed expensive camera (0:66) Z - a cursed magic lamp (lit) Contents of the bag of holding: an uncursed scroll of amnesia an uncursed scroll of enchant armor an uncursed scroll of genocide a cursed potion of levitation a cursed potion of monster detection Grasshopper the Wizard's attributes: Background: You were a Thaumaturge, a level 6 female human Wizard. You were neutral, on a mission for Thoth who was opposed by Ptah (lawful) and Anhur (chaotic). You were in the Gnomish Mines, on level 6. You entered the dungeon 2936 turns ago. There was a new moon in effect when your adventure ended. You had 532 experience points, 108 more were needed to attain level 7. Your score was 2544 before end-of-game adjustments. Basics: You had 0 out of 37 hit points. You had 28 out of 42 energy points (spell power). Your armor class was 1. Your wallet contained 146 zorkmids. Autopickup was on for '$"=/!?+*' plus thrown, with exceptions. Final Characteristics: Your strength was 11 (limit:18/100). Your dexterity was 15 (limit:18). Your constitution was 14 (limit:18). Your intelligence was 18 (limit:18). Your wisdom was 11 (limit:18). Your charisma was 8 (limit:18). Final Status: You were not hungry. You were unencumbered. You were wielding a quarterstaff. You had basic skill with quarterstaff and could have enhanced that. Final Attributes: You were piously aligned. You were magic-protected. You were warded. You are dead. Miscellaneous: You never encountered a bones level. Total elapsed playing time was 1 hour, 9 minutes and 46 seconds. Vanquished creatures: a small mimic a human zombie a fire ant 8 gnome leaders 3 gnomish wizards a floating eye a kitten 8 dwarves a homunculus 2 rothes a rabid rat a giant bat a dwarf zombie an iguana 2 acid blobs a gas spore 3 hobbits 4 giant rats 21 gnomes 2 geckos a fox a kobold a goblin 4 grid bugs 3 lichens 2 newts 76 creatures vanquished. No species were genocided or became extinct. Voluntary challenges: You read items or engraved 6 times. You never engraved Elbereth. You never genocided any monsters. You never polymorphed an object. You never changed form. You used no wishes. Achievements: You attained the rank of Conjurer. You entered a shop. You entered the Gnomish Mines. You attained the rank of Thaumaturge. You entered Minetown. You entered a temple. The Dungeons of Doom: levels 1 to 3 Level 1: "v" Some fountains. Level 2: A general store, a fountain. Level 3: Stairs down to The Gnomish Mines. The Gnomish Mines: levels 4 to 6 Level 4: Level 5: Level 6: "MT" <- You were here. Many shops, a temple to Thoth, many fountains. Final resting place for you, killed by a fire ant. Game over: ---------- / \ / REST \ / IN \ / PEACE \ / \ | Grasshopper | | 146 Au | | killed by a fire | | ant | | | | | | 2022 | *| * * * | * _________)/\\_//(\/(/\)/\//\/|_)_______ Goodbye Grasshopper the Wizard... You died in The Gnomish Mines on dungeon level 6 with 2530 points, and 146 pieces of gold, after 2936 moves. You were level 6 with a maximum of 37 hit points when you died.